[Event "Leinster Championship 2007"]
[Site "Dublin IRL"]
[Date "2007.12.28"]
[Round "1"]
[White "Mendelson, Andrew"]
[Black "Wall, Gavin"]
[Result "0-1"]
[BlackTitle "IM"]
[WhiteElo "2108"]
[BlackElo "2307"]
[WhiteICU "2082"]
[WhiteClub "Dublin"]
[BlackClub "Richmond ENG"]
[WhiteNationality "RSA"]
[BlackNationality "IRL"]
[WhiteFideId "14300109"]
[BlackFideId "2501244"]
[PlyCount "64"]
[ECO "A85"]
[Opening "Dutch with c4 & Nc3"]
[EventDate "2007.12.28"]
[TimeControl "7200"]

{ Event information: <a
href="https://www.irlchess.com/leinsterch2007_allfiles/pairings_leinsterch2007.html">Tournament
report</a>. }

1. d4 f5 2. c4 Nf6 3. Nc3 d6 4. e3 g6 5. d5 Bg7 6. Bd3 Na6 7. Nge2 e5 8.
dxe6 Bxe6 9. b3 Nc5 10. Bb2 O-O 11. O-O Nfd7 12. Nf4 Bf7 13. Be2 a5 14. Qc2
Ne5 15. Rad1 a4 16. Nfd5 c6 17. Nf4 axb3 18. axb3 Qb6 19. Rxd6 Qxb3 20.
Qxb3 Nxb3 21. Ne6 Bxe6 22. Rxe6 Nd2 23. Rxe5 Bxe5 24. Rd1 Rfd8 25. g4 fxg4
26. Bxg4 Kf7 27. Be2 Bxc3 28. Bxc3 Ne4 29. Rxd8 Rxd8 30. Be1 Ra8 31. f3 Ra2
32. Bf1 Ra1 0-1

[Event "Leinster Championship 2007"]
[Site "Dublin IRL"]
[Date "2007.12.28"]
[Round "1"]
[White "Fitzsimons, David"]
[Black "Fox, Anthony"]
[Result "1/2-1/2"]
[WhiteElo "2153"]
[BlackElo "2084"]
[WhiteICU "2129"]
[BlackICU "2030"]
[WhiteClub "Elm Mount"]
[BlackClub "Dun Laoghaire"]
[WhiteNationality "IRL"]
[BlackNationality "IRL"]
[WhiteFideId "2501961"]
[BlackFideId "2500736"]
[PlyCount "82"]
[ECO "C28"]
[Opening "Vienna game"]
[EventDate "2007.12.28"]
[TimeControl "7200"]

{ Event information: <a
href="https://www.irlchess.com/leinsterch2007_allfiles/pairings_leinsterch2007.html">Tournament
report</a>. }

1. e4 e5 2. Nc3 Nf6 3. Bc4 Nc6 4. d3 Bb4 5. Ne2 d5 6. exd5 Nxd5 7. O-O Be6
8. Bxd5 Bxd5 9. f4 O-O 10. f5 f6 11. Nxd5 Qxd5 12. Ng3 Rad8 13. Ne4 Rd7 14.
Be3 Be7 15. Qg4 Nd4 16. c3 Nc2 17. Bh6 Bc5+ 18. d4 exd4 19. Rad1 d3+ 20.
Nxc5 Qxc5+ 21. Kh1 Ne3 22. Bxe3 Qxe3 23. Qc4+ Kh8 24. Rfe1 Qf2 25. Qe6 Rdd8
26. Qe4 h6 27. h3 Rfe8 28. Qxe8+ Rxe8 29. Rxe8+ Kh7 30. Kh2 Qxf5 31. Rd8
Qf4+ 32. Kh1 Qf2 33. b4 Qxa2 34. R1xd3 Qe6 35. R8d7 h5 36. Kg1 Kh6 37. Kf2
Qf5+ 38. Ke2 Qe4+ 39. Kf2 Qf5+ 40. Ke2 Qe4+ 41. Kf2 Qf5+ 1/2-1/2

[Event "Leinster Championship 2007"]
[Site "Dublin IRL"]
[Date "2007.12.28"]
[Round "1"]
[White "Daly, Colm"]
[Black "Griffiths, Ryan-Rhys"]
[Result "1/2-1/2"]
[WhiteTitle "FM"]
[WhiteElo "2361"]
[BlackElo "2051"]
[BlackICU "2054"]
[BlackClub "Kilkenny"]
[WhiteNationality "IRL"]
[BlackNationality "IRL"]
[WhiteFideId "2500434"]
[BlackFideId "2502054"]
[PlyCount "109"]
[ECO "A35"]
[Opening "English"]
[Variation "symmetrical, four knights system"]
[EventDate "2007.12.28"]
[TimeControl "7200"]

{ Event information: <a
href="https://www.irlchess.com/leinsterch2007_allfiles/pairings_leinsterch2007.html">Tournament
report</a>. }

1. Nf3 c5 2. c4 Nc6 3. Nc3 Nf6 4. g3 d5 5. cxd5 Nxd5 6. Bg2 Nxc3 7. bxc3 e5
8. d3 Be7 9. O-O Be6 10. Rb1 Qd7 11. Qa4 Rc8 12. Ng5 Bxg5 13. Bxg5 f6 14.
Be3 b6 15. f4 O-O 16. fxe5 Nxe5 17. Qxd7 Bxd7 18. Bf4 Rfe8 19. Bb7 Rcd8 20.
Bd5+ Kh8 21. Bg2 Ng6 22. Rb2 Nxf4 23. Rxf4 Kg8 24. Kf2 Kf7 25. Rh4 h6 26.
a4 g5 27. Rc4 Be6 28. Re4 Bd5 29. Rxe8 Kxe8 30. Bxd5 Rxd5 31. a5 Rd6 32.
axb6 axb6 33. c4 f5 34. Ra2 Ke7 35. Ra8 Rd8 36. Ra6 Rd6 37. Ke3 Ke6 38. Ra8
Ke5 39. Rb8 Rf6 40. Kd2 f4 41. g4 Re6 42. Rf8 Rf6 43. Re8+ Re6 44. Rh8 Rf6
45. Rd8 Rd6 46. Ra8 Re6 47. Ra1 Re8 48. Rb1 Re6 49. Rf1 Kd6 50. h4 Re3 51.
hxg5 hxg5 52. Rf3 Rxf3 53. exf3 Ke5 54. Kc2 Ke6 55. Kb3 1/2-1/2

[Event "Leinster Championship 2007"]
[Site "Dublin IRL"]
[Date "2007.12.28"]
[Round "1"]
[White "Capaces, Francois"]
[Black "Cafolla, Peter"]
[Result "1-0"]
[WhiteElo "2099"]
[BlackElo "2045"]
[BlackICU "1989"]
[WhiteClub "S.C. Nordstad LUX"]
[BlackClub "Rathmines"]
[WhiteNationality "FRA"]
[BlackNationality "IRL"]
[WhiteFideId "658502"]
[BlackFideId "2500884"]
[PlyCount "78"]
[ECO "B30"]
[Opening "Sicilian defence"]
[EventDate "2007.12.28"]
[TimeControl "7200"]
[WhiteFullName "Capac&egrave;s, Fran&ccedil;ois"]

{ Event information: <a
href="https://www.irlchess.com/leinsterch2007_allfiles/pairings_leinsterch2007.html">Tournament
report</a>. }

1. e4 c5 2. Nf3 Nc6 3. Nc3 Nf6 4. Bc4 e6 5. O-O Nxe4 6. Nxe4 d5 7. Bd3 c4
8. Bxc4 dxe4 9. Ne1 Qd4 10. d3 exd3 11. Bxd3 Be7 12. Nf3 Qd6 13. Qe2 Bd7
14. Rd1 Qc7 15. c3 h6 16. Qe4 f5 17. Qe2 O-O-O 18. b4 Bf6 19. b5 Ne5 20.
Ba3 Nxd3 21. Rxd3 Qa5 22. Bd6 Qxb5 23. Rad1 Rhe8 24. Qe3 Qa5 25. c4 Bc6 26.
c5 e5 27. Qc1 a6 28. Ra3 Qb5 29. Rb3 Qa4 30. Nd2 Bg5 31. Nc4 Rxd6 32. Nxd6+
Kb8 33. Qb1 Rd8 34. Rxb7+ Ka8 35. Rb6 Be4 36. Qb3 Qxb3 37. Rxa6+ Kb8 38.
axb3 Bc2 39. Rda1 Kc7 1-0

[Event "Leinster Championship 2007"]
[Site "Dublin IRL"]
[Date "2007.12.28"]
[Round "1"]
[White "Keogh, Eamon"]
[Black "O'Connell, Gerard"]
[Result "1-0"]
[WhiteTitle "NM"]
[WhiteElo "2095"]
[BlackElo "2128"]
[WhiteICU "1993"]
[BlackICU "2120"]
[WhiteClub "Kilkenny"]
[BlackClub "St. Benildus"]
[WhiteNationality "IRL"]
[BlackNationality "IRL"]
[WhiteFideId "2500264"]
[BlackFideId "2500493"]
[PlyCount "127"]
[ECO "A03"]
[Opening "Bird's opening"]
[EventDate "2007.12.28"]
[TimeControl "7200"]

{ Event information: <a
href="https://www.irlchess.com/leinsterch2007_allfiles/pairings_leinsterch2007.html">Tournament
report</a>. }

1. f4 d5 2. b3 Nf6 3. Bb2 Bf5 4. Nf3 e6 5. e3 Be7 6. Be2 O-O 7. O-O Nbd7 8.
c4 c6 9. Nc3 Re8 10. cxd5 cxd5 11. Nd4 Nc5 12. Nxf5 exf5 13. Nb5 a6 14. Nd4
Qd7 15. Rc1 Rac8 16. Nf3 Qe6 17. Qe1 Nce4 18. Nd4 Qd7 19. Rxc8 Rxc8 20. Bd3
Bb4 21. Nf3 Qe7 22. Qe2 Ba3 23. Bd4 Bc1 24. Bb1 Ng4 25. Ng5 h6 26. Nxe4
dxe4 27. Bc3 Rxc3 28. dxc3 Bxe3+ 29. Kh1 Qc5 30. g3 Qxc3 31. Qc4 Qxc4 32.
bxc4 Bc5 33. h3 Ne3 34. Rc1 h5 35. Bc2 b6 36. Bd1 g6 37. Be2 Kf8 38. Rb1
Ke7 39. Rb2 a5 40. Rd2 a4 41. Kh2 a3 42. g4 h4 43. gxf5 Nxf5 44. Bg4 Nd4
45. Bd1 f5 46. Kg2 Ne6 47. Ba4 Nxf4+ 48. Kf1 Nxh3 49. Rh2 Ng5 50. Rxh4 Kf6
51. Rh8 Nf3 52. Ke2 g5 53. Rh6+ Ke5 54. Rh8 g4 55. Bd7 Kf4 56. Rh5 Nd4+ 57.
Kf1 e3 58. Rh2 Kf3 59. Re2 f4 60. Bc8 Nxe2 61. Bb7+ Kg3 62. Kxe2 f3+ 63.
Kd3 Kf4 64. Bc8 { Presumably Black now lost on time. } 1-0

[Event "Leinster Championship 2007"]
[Site "Dublin IRL"]
[Date "2007.12.28"]
[Round "2"]
[White "Fox, Anthony"]
[Black "O'Connell, Gerard"]
[Result "1/2-1/2"]
[WhiteElo "2084"]
[BlackElo "2128"]
[WhiteICU "2030"]
[BlackICU "2120"]
[WhiteClub "Dun Laoghaire"]
[BlackClub "St. Benildus"]
[WhiteNationality "IRL"]
[BlackNationality "IRL"]
[WhiteFideId "2500736"]
[BlackFideId "2500493"]
[PlyCount "105"]
[ECO "B24"]
[Opening "Sicilian"]
[Variation "closed, Smyslov variation"]
[EventDate "2007.12.28"]
[TimeControl "7200"]

{ Event information: <a
href="https://www.irlchess.com/leinsterch2007_allfiles/pairings_leinsterch2007.html">Tournament
report</a>. }

1. e4 c5 2. Nc3 Nc6 3. g3 g6 4. Bg2 Bg7 5. d3 e6 6. Be3 Nd4 7. Nce2 Ne7 8.
c3 Nxe2 9. Nxe2 d6 10. d4 Qc7 11. O-O O-O 12. Qd2 Rb8 13. Bh6 b5 14. Bxg7
Kxg7 15. Rfd1 e5 16. dxe5 dxe5 17. Qd6 Qxd6 18. Rxd6 g5 19. Rad1 Be6 20. b3
Rb6 21. Rxb6 axb6 22. Nc1 Ra8 23. Bf1 c4 24. Rd2 Ra3 25. Rb2 Nc8 26. f3 Kf6
27. Kf2 Nd6 28. Be2 g4 29. Ke3 gxf3 30. Kxf3 Bd7 31. Ke3 Bc6 32. Bf3 Ke7
33. Rc2 f6 34. g4 Nb7 35. b4 Nd8 36. Ne2 Ne6 37. h4 Kf7 38. Kf2 Nf4 39.
Nxf4 exf4 40. e5 Bxf3 41. e6+ Kxe6 42. Kxf3 Ra7 43. Kxf4 Rd7 44. Re2+ Kf7
45. g5 Rd3 46. Rc2 fxg5+ 47. hxg5 Rd1 48. Rh2 Rf1+ 49. Ke4 Kg7 50. Rh6 Rg1
51. Kf5 Rf1+ 52. Ke5 Rg1 53. Kf5 1/2-1/2

[Event "Leinster Championship 2007"]
[Site "Dublin IRL"]
[Date "2007.12.28"]
[Round "2"]
[White "Redmond, John P."]
[Black "Keogh, Eamon"]
[Result "1-0"]
[BlackTitle "NM"]
[WhiteElo "2221"]
[BlackElo "2095"]
[WhiteICU "2113"]
[BlackICU "1993"]
[WhiteClub "Atticus ENG"]
[BlackClub "Kilkenny"]
[WhiteNationality "IRL"]
[BlackNationality "IRL"]
[WhiteFideId "2500051"]
[BlackFideId "2500264"]
[PlyCount "117"]
[ECO "A85"]
[Opening "Dutch with c4 & Nc3"]
[EventDate "2007.12.28"]
[TimeControl "7200"]

{ Event information: <a
href="https://www.irlchess.com/leinsterch2007_allfiles/pairings_leinsterch2007.html">Tournament
report</a>. }

1. c4 f5 2. d4 Nf6 3. Nc3 e6 4. Nf3 Be7 5. g3 d6 6. Bg2 O-O 7. O-O c6 8.
Qc2 Qe8 9. b4 Nbd7 10. b5 Nb6 11. Qb3 d5 12. c5 Nc4 13. Nd2 Nxd2 14. Bxd2
Ne4 15. Nxe4 fxe4 16. Rab1 Bf6 17. Bc3 Kh8 18. bxc6 bxc6 19. Qa4 a5 20. Rb6
Ba6 21. Qxc6 Bxe2 22. Re1 Bc4 23. Qxe8 Rfxe8 24. f3 exf3 25. Bxf3 Bxa2 26.
Rbxe6 Rxe6 27. Rxe6 Kg8 28. Rb6 a4 29. c6 Bd8 30. Rb5 a3 31. Bxd5+ Bxd5 32.
Rxd5 a2 33. Rd7 a1=Q+ 34. Bxa1 Rxa1+ 35. Kg2 Bb6 36. Rb7 Bxd4 37. c7 Rc1
38. Rb8+ Kf7 39. c8=Q Rxc8 40. Rxc8 Ke6 41. Kf3 Bf6 42. Rc5 Kf7 43. Rc6 Bd4
44. h3 Be5 45. g4 h6 46. Ke4 Bf6 47. Kf5 g6+ 48. Kf4 Bg5+ 49. Ke5 Be7 50.
Rc7 h5 51. g5 h4 52. Kf4 Ke6 53. Rc6+ Kf7 54. Kg4 Ba3 55. Kxh4 Bb2 56. Kg4
Bd4 57. h4 Bb2 58. h5 gxh5+ 59. Kxh5 1-0

[Event "Leinster Championship 2007"]
[Site "Dublin IRL"]
[Date "2007.12.28"]
[Round "2"]
[White "Griffiths, Ryan-Rhys"]
[Black "Fitzsimons, David"]
[Result "1/2-1/2"]
[WhiteElo "2051"]
[BlackElo "2153"]
[WhiteICU "2054"]
[BlackICU "2129"]
[WhiteClub "Kilkenny"]
[BlackClub "Elm Mount"]
[WhiteNationality "IRL"]
[BlackNationality "IRL"]
[WhiteFideId "2502054"]
[BlackFideId "2501961"]
[PlyCount "74"]
[ECO "B29"]
[Opening "Sicilian"]
[Variation "Nimzovich-Rubinstein variation"]
[EventDate "2007.12.28"]
[TimeControl "7200"]

{ Event information: <a
href="https://www.irlchess.com/leinsterch2007_allfiles/pairings_leinsterch2007.html">Tournament
report</a>. }

1. e4 c5 2. Nf3 Nf6 3. Nc3 d5 4. exd5 Nxd5 5. Nxd5 Qxd5 6. d4 Bg4 7. Be2
cxd4 8. Qxd4 Qxd4 9. Nxd4 Bxe2 10. Kxe2 a6 11. Re1 Nd7 12. Kf1 O-O-O 13.
Bg5 Nf6 14. Nf5 e6 15. Ng3 Bd6 16. Rad1 Rd7 17. Rd3 Rhd8 18. Red1 Be5 19.
Rxd7 Rxd7 20. Rxd7 Kxd7 21. c3 Nd5 22. Ne4 Kc6 23. Bd2 h6 24. c4 Ne7 25.
Bc3 Ng6 26. g3 f5 27. Bxe5 Nxe5 28. Nd2 Kc5 29. b3 Kb4 30. f4 Nd3 31. Ke2
Nc1+ 32. Kd1 Nxa2 33. Kc2 Nc3 34. Nf3 Ne4 35. Nd4 b5 36. Nxe6 g6 37. Nc7 a5
1/2-1/2

[Event "Leinster Championship 2007"]
[Site "Dublin IRL"]
[Date "2007.12.28"]
[Round "2"]
[White "Wall, Gavin"]
[Black "Capaces, Francois"]
[Result "1-0"]
[WhiteTitle "IM"]
[WhiteElo "2307"]
[BlackElo "2099"]
[WhiteClub "Richmond ENG"]
[BlackClub "S.C. Nordstad LUX"]
[WhiteNationality "IRL"]
[BlackNationality "FRA"]
[WhiteFideId "2501244"]
[BlackFideId "658502"]
[PlyCount "61"]
[ECO "B07"]
[Opening "Pirc defence"]
[EventDate "2007.12.28"]
[TimeControl "7200"]
[BlackFullName "Capac&egrave;s, Fran&ccedil;ois"]

{ Event information: <a
href="https://www.irlchess.com/leinsterch2007_allfiles/pairings_leinsterch2007.html">Tournament
report</a>. }

1. e4 d6 2. d4 Nf6 3. Nc3 Nbd7 4. f4 e5 5. Nf3 c6 6. dxe5 dxe5 7. fxe5 Ng4
8. e6 fxe6 9. Ng5 Nde5 10. Qxd8+ Kxd8 11. h3 Nh6 12. Bf4 Nhf7 13. O-O-O+
Ke8 14. Nxf7 Nxf7 15. e5 Be7 16. Ne4 Bd7 17. Bc4 c5 18. a4 Bxa4 19. Bxe6
Bc6 20. Nd6+ Nxd6 21. exd6 Bf6 22. d7+ Kd8 23. Bd5 Bxd5 24. Rxd5 b6 25. Re1
Rf8 26. Be5 Rg8 27. Bg3 a6 28. Re6 Ra7 29. Rxb6 Ke7 30. Bd6+ Ke6 31. c4 1-0

[Event "Leinster Championship 2007"]
[Site "Dublin IRL"]
[Date "2007.12.28"]
[Round "2"]
[White "Hogarty, Philip"]
[Black "Daly, Colm"]
[Result "0-1"]
[BlackTitle "FM"]
[WhiteElo "1904"]
[BlackElo "2361"]
[WhiteICU "2069"]
[WhiteClub "Rathmines"]
[WhiteNationality "IRL"]
[BlackNationality "IRL"]
[WhiteFideId "2502070"]
[BlackFideId "2500434"]
[PlyCount "69"]
[ECO "B22"]
[Opening "Sicilian"]
[Variation "Alapin's variation (2.c3)"]
[EventDate "2007.12.28"]
[TimeControl "7200"]

{ Event information: <a
href="https://www.irlchess.com/leinsterch2007_allfiles/pairings_leinsterch2007.html">Tournament
report</a>. }

1. e4 c5 2. c3 Nf6 3. e5 Nd5 4. d4 cxd4 5. Nf3 Nc6 6. cxd4 d6 7. Bc4 Nb6 8.
Bb3 d5 9. Nh4 e6 10. Nf3 Be7 11. O-O Bd7 12. Nc3 a5 13. Be3 a4 14. Nxa4
Nxa4 15. Bxa4 Nxe5 16. Bxd7+ Nxd7 17. Qb3 Qb6 18. Rfc1 Qxb3 19. axb3 O-O
20. Ne1 Bd6 21. Nd3 Rfb8 22. Nc5 Nxc5 23. dxc5 Be5 24. Rxa8 Rxa8 25. c6
bxc6 26. Rxc6 Ra1+ 27. Rc1 Bxb2 28. Rxa1 Bxa1 29. Bc5 f6 30. b4 Kf7 31. Kf1
Ke8 32. Ke2 Kd7 33. b5 Be5 34. h3 Bd6 35. Ba7 { .... } 0-1

[Event "Leinster Championship 2007"]
[Site "Dublin IRL"]
[Date "2007.12.29"]
[Round "3"]
[White "Redmond, John P."]
[Black "Wall, Gavin"]
[Result "0-1"]
[BlackTitle "IM"]
[WhiteElo "2221"]
[BlackElo "2307"]
[WhiteICU "2113"]
[WhiteClub "Atticus ENG"]
[BlackClub "Richmond ENG"]
[WhiteNationality "IRL"]
[BlackNationality "IRL"]
[WhiteFideId "2500051"]
[BlackFideId "2501244"]
[PlyCount "68"]
[ECO "A10"]
[Opening "English opening"]
[EventDate "2007.12.28"]
[TimeControl "7200"]

{ Event information: <a
href="https://www.irlchess.com/leinsterch2007_allfiles/pairings_leinsterch2007.html">Tournament
report</a>. }

1. c4 g6 2. g3 Bg7 3. Bg2 d6 4. Nc3 c5 5. e3 Nc6 6. Nge2 Nh6 7. O-O Nf5 8.
a3 O-O 9. Rb1 a5 10. b3 Rb8 11. Bb2 Bd7 12. Nb5 Bxb2 13. Rxb2 Ne5 14. Nec3
Bc6 15. d4 Bxg2 16. Kxg2 cxd4 17. exd4 Nd7 18. Rd2 Nb6 19. Re1 d5 20. c5
Nc8 21. Qf3 e6 22. Qf4 Nce7 23. g4 Nh4+ 24. Kg3 h6 25. Kh3 g5 26. Qf6 Qd7
27. f4 Nf3 28. fxg5 Nxg5+ 29. Kg2 Ng6 30. Nd6 b6 31. Kh1 bxc5 32. dxc5 Rxb3
33. Nxd5 Nh7 34. c6 Qxc6 0-1

[Event "Leinster Championship 2007"]
[Site "Dublin IRL"]
[Date "2007.12.29"]
[Round "3"]
[White "Daly, Colm"]
[Black "Fitzsimons, David"]
[Result "1-0"]
[WhiteTitle "FM"]
[WhiteElo "2361"]
[BlackElo "2153"]
[BlackICU "2129"]
[BlackClub "Elm Mount"]
[WhiteNationality "IRL"]
[BlackNationality "IRL"]
[WhiteFideId "2500434"]
[BlackFideId "2501961"]
[PlyCount "91"]
[ECO "D07"]
[Opening "QGD"]
[Variation "Chigorin defence"]
[EventDate "2007.12.28"]
[TimeControl "7200"]

{ Event information: <a
href="https://www.irlchess.com/leinsterch2007_allfiles/pairings_leinsterch2007.html">Tournament
report</a>. }

1. d4 d5 2. c4 Nc6 3. Nf3 Bg4 4. cxd5 Bxf3 5. gxf3 Qxd5 6. e3 e5 7. Nc3 Bb4
8. Bd2 Bxc3 9. bxc3 exd4 10. cxd4 O-O-O 11. Rb1 Qd6 12. Qb3 b6 13. Qxf7 Nf6
14. Bh3+ Kb7 15. O-O g5 16. Rfc1 Rhe8 17. Bg2 Nd5 18. h3 h6 19. Rc5 Nde7
20. Qc4 Kc8 21. Rcb5 Rf8 22. Rc1 Rf6 23. Rb2 Rg8 24. Rbc2 Rgg6 25. a3 Rg7
26. Bb4 Qd7 27. Qb5 Nxb4 28. Qxd7+ Kxd7 29. Rxc7+ Kd8 30. axb4 a5 31. bxa5
bxa5 32. Ra7 Rf5 33. Bf1 Rgf7 34. Bd3 Rxf3 35. Bc4 R7f6 36. Bb5 Ng6 37.
Rcc7 Rb6 38. Rd7+ Kc8 39. Be2 Rf8 40. Rdc7+ Kb8 41. Rf7 Rc8 42. Bf3 Rc1+
43. Kh2 Kc8 44. Ra8+ Rb8 45. Bg4+ Kd8 46. Rxb8+ 1-0

[Event "Leinster Championship 2007"]
[Site "Dublin IRL"]
[Date "2007.12.29"]
[Round "3"]
[White "Capaces, Francois"]
[Black "Fox, Anthony"]
[Result "0-1"]
[WhiteElo "2099"]
[BlackElo "2084"]
[BlackICU "2030"]
[WhiteClub "S.C. Nordstad LUX"]
[BlackClub "Dun Laoghaire"]
[WhiteNationality "FRA"]
[BlackNationality "IRL"]
[WhiteFideId "658502"]
[BlackFideId "2500736"]
[PlyCount "66"]
[ECO "C28"]
[Opening "Vienna game"]
[EventDate "2007.12.28"]
[TimeControl "7200"]
[WhiteFullName "Capac&egrave;s, Fran&ccedil;ois"]

{ Event information: <a
href="https://www.irlchess.com/leinsterch2007_allfiles/pairings_leinsterch2007.html">Tournament
report</a>. }

1. e4 e5 2. Nc3 Nf6 3. Bc4 Nc6 4. d3 Bb4 5. Bg5 h6 6. Bd2 O-O 7. a3 Bxc3 8.
Bxc3 d5 9. exd5 Nxd5 10. Bd2 Be6 11. Nf3 Qf6 12. O-O Rad8 13. Ne1 Nf4 14.
Bxe6 Qxe6 15. Qf3 Ng6 16. b4 f5 17. Bc3 e4 18. Qe3 Rfe8 19. b5 Nce7 20.
Qxa7 Nd5 21. Bd2 b6 22. Qa4 Ndf4 23. g3 Rd4 24. Qa7 Ne2+ 25. Kh1 f4 26.
Bxf4 Ngxf4 27. gxf4 Qh3 28. Ng2 exd3 29. cxd3 Rd5 30. f5 Rxf5 31. Qxc7 Rh5
32. d4 Rf8 33. Rac1 Nf4 0-1

[Event "Leinster Championship 2007"]
[Site "Dublin IRL"]
[Date "2007.12.29"]
[Round "3"]
[White "Cafolla, Peter"]
[Black "Griffiths, Ryan-Rhys"]
[Result "1-0"]
[WhiteElo "2045"]
[BlackElo "2051"]
[WhiteICU "1989"]
[BlackICU "2054"]
[WhiteClub "Rathmines"]
[BlackClub "Kilkenny"]
[WhiteNationality "IRL"]
[BlackNationality "IRL"]
[WhiteFideId "2500884"]
[BlackFideId "2502054"]
[PlyCount "55"]
[ECO "A36"]
[Opening "English"]
[Variation "ultra-symmetrical variation"]
[EventDate "2007.12.28"]
[TimeControl "7200"]

{ Event information: <a
href="https://www.irlchess.com/leinsterch2007_allfiles/pairings_leinsterch2007.html">Tournament
report</a>. }

1. c4 c5 2. Nc3 Nc6 3. g3 g6 4. Bg2 Bg7 5. d3 e5 6. e4 d6 7. Nge2 a6 8. O-O
Nge7 9. Rb1 Rb8 10. Nd5 Nxd5 11. cxd5 Nd4 12. Nxd4 exd4 13. b4 O-O 14. bxc5
dxc5 15. Bf4 Ra8 16. Qc2 b6 17. Qb3 g5 18. Bd2 Rb8 19. f4 h6 20. Qc4 Qe7
21. Rfc1 Bd7 22. Qxa6 b5 23. Qa7 Rfc8 24. Bh3 Rd8 25. Ba5 Ra8 26. Bxd8 Rxa7
27. Bxe7 Bxh3 28. Bxc5 1-0

[Event "Leinster Championship 2007"]
[Site "Dublin IRL"]
[Date "2007.12.29"]
[Round "3"]
[White "Keogh, Eamon"]
[Black "Mendelson, Andrew"]
[Result "0-1"]
[WhiteTitle "NM"]
[WhiteElo "2095"]
[BlackElo "2108"]
[WhiteICU "1993"]
[BlackICU "2082"]
[WhiteClub "Kilkenny"]
[BlackClub "Dublin"]
[WhiteNationality "IRL"]
[BlackNationality "RSA"]
[WhiteFideId "2500264"]
[BlackFideId "14300109"]
[PlyCount "82"]
[ECO "A02"]
[Opening "Bird's opening"]
[EventDate "2007.12.28"]
[TimeControl "7200"]

{ Event information: <a
href="https://www.irlchess.com/leinsterch2007_allfiles/pairings_leinsterch2007.html">Tournament
report</a>. }

1. f4 g6 2. e4 c6 3. Nf3 d5 4. e5 Bg4 5. d4 h5 6. Bd3 e6 7. Be3 Be7 8. c3
Nh6 9. Nbd2 Nf5 10. Bf2 Nd7 11. h3 Bxf3 12. Qxf3 h4 13. O-O-O Qa5 14. Kb1
O-O-O 15. Rc1 Kb8 16. b4 Qc7 17. Rc2 f6 18. Nb3 Rdf8 19. Re1 fxe5 20. dxe5
g5 21. Bxf5 Rxf5 22. Qe3 c5 23. bxc5 Rxf4 24. c6 bxc6 25. Nd4 Bc5 26. Rb2+
Nb6 27. Qd3 Bxd4 28. Bxd4 c5 29. Be3 Re4 30. Rf1 Ka8 31. Rbf2 Rb8 32. Bxg5
Nc4+ 33. Ka1 Qxe5 34. Bd2 Nxd2 35. Qxd2 Re3 36. Rf3 Rxf3 37. gxf3 d4 38. f4
dxc3 39. Qc2 Qd4 40. Rd1 Rb2 41. Qd3 Rxa2+ 0-1

[Event "Leinster Championship 2007"]
[Site "Dublin IRL"]
[Date "2007.12.29"]
[Round "4"]
[White "Wall, Gavin"]
[Black "Daly, Colm"]
[Result "1-0"]
[WhiteTitle "IM"]
[BlackTitle "FM"]
[WhiteElo "2307"]
[BlackElo "2361"]
[WhiteClub "Richmond ENG"]
[WhiteNationality "IRL"]
[BlackNationality "IRL"]
[WhiteFideId "2501244"]
[BlackFideId "2500434"]
[PlyCount "81"]
[ECO "B23"]
[Opening "Sicilian"]
[Variation "closed"]
[EventDate "2007.12.28"]
[TimeControl "7200"]

{ Event information: <a
href="https://www.irlchess.com/leinsterch2007_allfiles/pairings_leinsterch2007.html">Tournament
report</a>. }

1. e4 c5 2. Nc3 d6 3. f4 g6 4. Nf3 Bg4 5. Bb5+ Nc6 6. Bxc6+ bxc6 7. O-O Bg7
8. Qe1 Bxf3 9. Rxf3 Nh6 10. d3 f5 11. Nd1 O-O 12. Bd2 Rb8 13. Bc3 Bxc3 14.
Qxc3 Qb6 15. Kh1 fxe4 16. dxe4 Qb4 17. Qb3+ Kh8 18. Qe3 e5 19. c3 exf4 20.
Qd3 Qb5 21. Qxd6 Rbe8 22. h3 Qb8 23. Qxc5 Rxe4 24. Nf2 Re5 25. Qxc6 Qxb2
26. Rd1 Qb8 27. Rfd3 Ree8 28. Ne4 Qe5 29. Nd2 Nf5 30. Nf3 Ng3+ 31. Kh2 Qf5
32. Rd7 Re2 33. Qb7 g5 34. Qxa7 Nh5 35. R1d5 Qe4 36. Re5 g4 37. Rxe4 gxf3
38. Rxh7+ Kg8 39. Rxh5 Rxg2+ 40. Kh1 Rg7 41. Re7 1-0

[Event "Leinster Championship 2007"]
[Site "Dublin IRL"]
[Date "2007.12.29"]
[Round "4"]
[White "Mendelson, Andrew"]
[Black "Redmond, John P."]
[Result "1/2-1/2"]
[WhiteElo "2108"]
[BlackElo "2221"]
[WhiteICU "2082"]
[BlackICU "2113"]
[WhiteClub "Dublin"]
[BlackClub "Atticus ENG"]
[WhiteNationality "RSA"]
[BlackNationality "IRL"]
[WhiteFideId "14300109"]
[BlackFideId "2500051"]
[PlyCount "68"]
[ECO "A84"]
[Opening "Dutch defence, Rubinstein variation"]
[EventDate "2007.12.28"]
[TimeControl "7200"]

{ Event information: <a
href="https://www.irlchess.com/leinsterch2007_allfiles/pairings_leinsterch2007.html">Tournament
report</a>. }

1. d4 e6 2. c4 f5 3. Nc3 Nf6 4. e3 Be7 5. Bd3 d6 6. Nge2 e5 7. e4 f4 8. c5
O-O 9. cxd6 cxd6 10. Qb3+ Kh8 11. Bd2 Nc6 12. f3 Nd7 13. O-O exd4 14. Nd5
Nc5 15. Qc2 Ne5 16. Nexf4 Bd7 17. b4 Ncxd3 18. Nxd3 Rc8 19. Qb3 Bb5 20.
Nxe5 dxe5 21. Rfc1 Rxc1+ 22. Rxc1 Bg5 23. Qc2 Bxd2 24. Qxd2 Bc6 25. Rc5 Qd6
26. Qc1 h6 27. b5 Bxd5 28. Rxd5 Qf6 29. Qc7 Qf4 30. h3 Qe3+ 31. Kh2 Rxf3
32. gxf3 Qf2+ 33. Kh1 Qxf3+ 34. Kh2 Qf2+ 1/2-1/2